[Event "*** Titled Tuesday Blitz"]
[Site "Chess.com"]
[Date "2021.02.16"]
[Round "10"]
[White "GMJustin"]
[Black "zeitnot2006"]
[Result "0-1"]
[WhiteElo "2337"]
[BlackElo "2531"]
[TimeControl "180+1"]
[EndTime "11:58:53 PST"]
[Termination "zeitnot2006 won on time"]

1. e4 c5 2. Nf3 e6 3. d4 cxd4 4. Nxd4 Nc6 5. Nc3 Qc7 6. Be3 a6 7. Be2 Nf6 8. O-O Be7 9. f4 d6 10. a4 O-O 11. Qe1 Bd7 12. Qg3 Rac8 13. e5 dxe5 14.
Nxc6 Bxc6 15. fxe5 Nd7 16. Bf4 Bc5+ 17. Kh1 Bd4 18.
Rad1 Qb6 19. a5 Qc5 20. Rxd4 Qxd4 21. Rd1 Qb4 22. Bh6 g6 23. Bxf8 Rxf8 24. h4 Qxa5 25. Bf3 Qxe5 26. Qxe5 Nxe5 27. Be2 Rc8 28. Kg1 h5 29.
Kf2 Kf8 30. g3 Ke7 31. Ke3 b5 32. Rd4 Bb7 0-1

[Event "*** Titled Tuesday Blitz"]
[Site "Chess.com"]
[Date "2021.02.16"]
[Round "10"]
[White "ChristopherYoo"]
[Black "IwkooO"]
[Result "1-0"]
[WhiteElo "2887"]
[BlackElo "2624"]
[TimeControl "180+1"]
[EndTime "11:58:54 PST"]
[Termination "ChristopherYoo won by resignation"]

1. d4 Nf6 2. Nf3 e6 3. c4 Bb4+ 4. Bd2 Qe7 5. e3 b6 6. a3 Bxd2+ 7. Nbxd2 Bb7 8. Bd3 d6 9. O-O O-O 10. e4 e5 11. Re1 a5 12. dxe5 dxe5 13. Nf1 Nbd7 14.
Ne3 Nc5 15. Nd5 Qd6 16. Qc2 Bxd5 17. cxd5 c6 18. Bc4 cxd5 19. Bxd5 Rac8 20. Rad1 Qe7 21. Qe2 Rfd8 22. Qb5 Qc7 23. Rc1 Nxd5 24. exd5 f6 25. b4 axb4 26. axb4 Qd7 27. Qxb6 Nd3 28. Rxc8 Rxc8 29.
Rd1 Qxd5 30. h3 e4 31. Ne1 Rd8 32. f3 Qb3 33. Qxd8+ Kf7 34. Rxd3 exd3 35. Nxd3 Qd1+ 36. Kh2 1-0

[Event "*** Titled Tuesday Blitz"]
[Site "Chess.com"]
[Date "2021.02.16"]
[Round "10"]
[White "maximnovik"]
[Black "GMKrikor"]
[Result "0-1"]
[WhiteElo "2557"]
[BlackElo "2801"]
[TimeControl "180+1"]
[EndTime "11:58:54 PST"]
[Termination "GMKrikor won by resignation"]

1. Nf3 c5 2. e4 d6 3. Nc3 a6 4.
d4 cxd4 5. Nxd4 Nf6 6. f4 e5 7. Nf3 Nbd7 8. a4 Be7 9. Bd3 O-O 10. O-O Nc5 11. Kh1 Be6 12. f5 Bd7 13. g4 Bc6 14.
Qe2 d5 15. Nxe5 dxe4 16. Bc4 Nd5 17. Nxc6 bxc6 18. Nxe4 Nxe4 19. Qxe4 Bf6 20. c3 Re8 21. Qf3 Rb8 22. Ra2 Bg5 23. Bxg5 Qxg5 24. Bxd5 cxd5 25. Qf4 Qh4 26. b4 Rbc8 27. Rc2 Rc4 28. Qg3 Qg5 29. h3 h5 30. Rg2 Re3 31. Qf2 Rxh3+ 32. Kg1 Rxg4 33.
Re1 Rxg2+ 0-1

[Event "*** Titled Tuesday Blitz"]
[Site "Chess.com"]
[Date "2021.02.16"]
[Round "10"]
[White "Nemsko"]
[Black "AlexSuv"]
[Result "0-1"]
[WhiteElo "2335"]
[BlackElo "2458"]
[TimeControl "180+1"]
[EndTime "11:58:54 PST"]
[Termination "AlexSuv won on time"]

1. e4 c5 2. Nf3 e6 3. d4 cxd4 4. Nxd4 Nc6 5. Nc3 Qc7 6. Be3 a6 7. Bd3 Nf6 8. f3 Nxd4 9. Bxd4 Bc5 10.
Be2 e5 11. Bxc5 Qxc5 12. Qd2 O-O 13. O-O-O Ne8 14. g4 d6 15. Nd5 Be6 16. Kb1 Kh8 17. h4 Rc8 18. g5 Bxd5 19. exd5 f5 20. f4 e4 21. h5 Nc7 22. h6 g6 23. c3 Kg8 24. c4 b5 25. Qc3 Rf7 26. b4 Qf2 27.
Bh5 gxh5 28. g6 hxg6 29. Rhg1 Kh7 30. Rg5 bxc4 31. Rdg1 Nb5 0-1

[Event "*** Titled Tuesday Blitz"]
[Site "Chess.com"]
[Date "2021.02.16"]
[Round "10"]
[White "geordie_derraugh"]
[Black "AsaHoffmann"]
[Result "0-1"]
[WhiteElo "2457"]
[BlackElo "2374"]
[TimeControl "180+1"]
[EndTime "11:58:55 PST"]
[Termination "AsaHoffmann won on time"]

1. e4 d6 2. d4 Nf6 3. Nc3 c6 4. a4 Qa5 5. Bd3 e5 6. dxe5 dxe5 7. Ne2 Be6 8. O-O Bc5 9. Bg5 Nbd7 10. Kh1 h6 11.
Bh4 g5 12. Bg3 Nh5 13. Qe1 O-O-O 14. f3 Nf4 15. Bf2 h5 16. Nc1 Bxf2 17. Qxf2 Qc5 18. Qg3 h4 19. Qe1 h3 20. g3 Ng2 21. Qe2 Qe3 22. Re1 Qxe2 23. Rxe2 Nc5 24. b3 a5 25. Nd1 g4 26. fxg4 Bxg4 27. Rd2 Bxd1 28. Rxd1 Nxe4 29. Rf1 Nc5 30. Rxf7 e4 31. Be2 Rd2 32. c4 Rhd8 33. Rf1 Nxb3 34. Bg4+ Kb8 35. Nxb3 Rb2 36. Nxa5 e3 37. Bxh3 e2 38. Rfb1 Rxb1+ 39. Rxb1 Rd1+ 40. Kxg2 Rxb1 0-1

[Event "*** Titled Tuesday Blitz"]
[Site "Chess.com"]
[Date "2021.02.16"]
[Round "10"]
[White "MFBerna"]
[Black "Vanina1989"]
[Result "0-1"]
[WhiteElo "2512"]
[BlackElo "2739"]
[TimeControl "180+1"]
[EndTime "11:58:58 PST"]
[Termination "Vanina1989 won by resignation"]

1. e4 c6 2. d4 d5 3. Nc3 dxe4 4. Nxe4 Nf6 5. Nxf6+ exf6 6. Nf3 Bd6 7. Be3 O-O 8.
Qd2 Re8 9. O-O-O Be6 10. Kb1 Nd7 11. Bd3 Nb6 12. Rhg1 Nd5 13. g4 Bb4 14. c3 Bf8 15. h4 Nxe3 16. fxe3 Qd5 17. e4 Qxa2+ 18. Kc1 Bb3 19. Rde1 a5 20. Bb1 Qa1 21. Qd3 a4 22.
e5 g6 23. Nd2 Be6 24. Ne4 a3 25. Nxf6+ Kh8 26. bxa3 Rxa3 27. Kd2 Rd8 28. Bc2 Qa2 29. Rb1 Bc4 30. Qe3 c5 31. Qf4 cxd4 32.
cxd4 Rd3+ 33. Kc1 Ba3+ 0-1

[Event "*** Titled Tuesday Blitz"]
[Site "Chess.com"]
[Date "2021.02.16"]
[Round "10"]
[White "TC2304"]
[Black "KeithArkell"]
[Result "0-1"]
[WhiteElo "2355"]
[BlackElo "2533"]
[TimeControl "180+1"]
[EndTime "11:58:58 PST"]
[Termination "KeithArkell won by resignation"]

1. d4 e6 2. e4 d5 3. Nd2 dxe4 4. Nxe4 Bd7 5. Nf3 Bc6 6. Bd3 Nd7 7. Qe2 Ngf6 8.
Nxf6+ Nxf6 9. c3 Be7 10. O-O Bxf3 11. Qxf3 c6 12. Bf4 O-O 13. Rad1 Qd5 14. Qxd5 Nxd5 15. Bd2 Rfd8 16. f4 g6 17. a3 h5 18. Rf3 Rd7 19. g3 Rad8 20. Bb1 c5 21. Rd3 cxd4 22. cxd4 Bf6 23. Bc3 Ne7 24. Ba2 Kg7 25. Kf2 b6 26. Kf3 b5 27. Ba5 Rc8 28. Bb4 Nc6 29. Bc3 Rcd8 30. Ke4 Ne7 31. d5 Bxc3 32. bxc3 f5+ 33. Ke5 exd5 34. Bxd5 Nc6+ 35. Bxc6 Rxd3 36. Rb1 Re3+ 0-1

[Event "*** Titled Tuesday Blitz"]
[Site "Chess.com"]
[Date "2021.02.16"]
[Round "10"]
[White "ZEN-22"]
[Black "EugeneRougon"]
[Result "1-0"]
[WhiteElo "2526"]
[BlackElo "2721"]
[TimeControl "180+1"]
[EndTime "11:58:59 PST"]
[Termination "ZEN-22 won by resignation"]

1. e4 e6 2. d4 d5 3. Nc3 Bb4 4.
exd5 exd5 5. Bd3 Nc6 6. a3 Bxc3+ 7. bxc3 Nge7 8. Qf3 Be6 9. Ne2 Qd7 10. Ng3 O-O 11. h3 Na5 12. O-O b6 13. Re1 Nc4 14.
Nh5 f6 15. Qe2 Bf7 16. Nxg7 Kxg7 17. Qxe7 Qxe7 18. Rxe7 Rfe8 19. Rxc7 Rec8 20. Bf4 Rxc7 21. Bxc7 Rc8 22. Bf4 Nb2 23. Bd2 Nxd3 24. cxd3 Bg6 25. a4 Bxd3 26. a5 Rc7 27. axb6 axb6 28. g4 Kg6 29. Kg2 h5 30. Kg3 hxg4 31. hxg4 Re7 32.
Ra8 Re2 33. Be3 Kf7 34. Ra7+ Kg6 35. Rb7 Rb2 36. Bf4 f5 37. Be5 fxg4 38. Kxg4 Bf5+ 39. Kg3 Be4 40. f3 Bd3 41. Kf4 Rf2 42. Rg7+ Kh6 43. Ke3 Re2+ 44. Kxd3 Rxe5 45. dxe5 Kxg7 46.
Kd4 Kf7 47. Kxd5 Ke7 48. f4 1-0

[Event "*** Titled Tuesday Blitz"]
[Site "Chess.com"]
[Date "2021.02.16"]
[Round "10"]
[White "northridgehawk"]
[Black "DarZay"]
[Result "1-0"]
[WhiteElo "2342"]
[BlackElo "2172"]
[TimeControl "180+1"]
[EndTime "11:58:59 PST"]
[Termination "northridgehawk won by resignation"]

1. d4 d5 2. c4 e6 3. Nc3 Be7 4. cxd5 exd5 5. Bf4 Nf6 6. e3 Bf5 7. Nf3 c6 8. Be2 O-O 9. O-O Nbd7 10. Na4 Ne4 11.
a3 Bg6 12. Rc1 Rc8 13. b4 f5 14. Qb3 Kh8 15. b5 Bh5 16. bxc6 bxc6 17. Ba6 Bxf3 18. Bxc8 Bxg2 19. Bxd7 Bxf1 20. Bxc6 Bc4 21. Qb7 Bxa3 22. Ra1 Bd6 23. Bg3 Qg5 24. Bxd5 Rb8 25. Qc6 Bb5 26. Qc2 Bxg3 27. hxg3 Nxg3 28. fxg3 Qxg3+ 29. Bg2 Qxe3+ 30. Qf2 Qd3 31. Nc5 Qc4 32. Rxa7 Be8 33. Kh2 Bg6 34. Qf4 Qe2 35. Qxb8+ 1-0

[Event "*** Titled Tuesday Blitz"]
[Site "Chess.com"]
[Date "2021.02.16"]
[Round "10"]
[White "WiktoriaPOL"]
[Black "Aya5ian"]
[Result "1-0"]
[WhiteElo "2044"]
[BlackElo "2240"]
[TimeControl "180+1"]
[EndTime "11:59:00 PST"]
[Termination "WiktoriaPOL won on time"]

1. e4 c6 2. Bc4 d5 3. Bb3 dxe4 4. Qh5 g6 5. Qe2 Nf6 6. Nc3 Bg4 7. Qe3 Bf5 8. Nge2 Nbd7 9. Ng3 Ng4 10. Qe2 Bh6 11.
Ncxe4 Bxe4 12. Nxe4 Ndf6 13. O-O Qd4 14. Nxf6+ Nxf6 15. c3 Qe4 16. Qxe4 Nxe4 17. d3 Bxc1 18. Raxc1 Nc5 19. Bc2 e6 20. d4 Nd7 21. Rcd1 O-O 22.
Rfe1 Nf6 23. c4 Rad8 24. Bb3 Rd7 25. f3 Rfd8 26. d5 cxd5 27. cxd5 exd5 28. Rd4 Kf8 29. Re5 Rd6 30. g4 h6 31. h4 b6 32. g5 hxg5 33.
hxg5 Nh5 34. Rexd5 Rxd5 35. Rxd5 Re8 36. Rd7 Re7 37. Rd8+ Kg7 38. Kg2 Re2+ 39. Kh3 Rxb2 40.
Rd7 Nf4+ 41. Kg4 Ne2 42. Rxf7+ Kh8 43. Rxa7 Nd4 44. Bf7 b5 45. Bxg6 Ne6 46. Bf5 Rg2+ 47. Kh3 Nf4+ 48. Kh4 1-0

[Event "*** Titled Tuesday Blitz"]
[Site "Chess.com"]
[Date "2021.02.16"]
[Round "10"]
[White "Cptn2"]
[Black "WilliamSchill"]
[Result "1/2-1/2"]
[WhiteElo "2315"]
[BlackElo "2050"]
[TimeControl "180+1"]
[EndTime "11:59:01 PST"]
[Termination "Game drawn by repetition"]

1. e4 c5 2. Nf3 Nc6 3. d4 cxd4 4.
Nxd4 e5 5. Nb5 d6 6. N1c3 a6 7. Na3 Be7 8. Nd5 Nf6 9. Nxf6+ Bxf6 10. Nc4 Be7 11. a4 Be6 12. Be3 Rc8 13. Nb6 Rc7 14.
c3 O-O 15. Be2 Na5 16. Nd5 Rc6 17. b4 Nc4 18. Bxc4 Rxc4 19. Qd3 Bxd5 20. exd5 Qc7 21. Bd2 e4 22. Qg3 Bf6 23. Rc1 Rc8 24. O-O Bxc3 25. Bxc3 Rxc3 26. Rxc3 Qxc3 27. Qxd6 Qc7 28. Qxc7 Rxc7 29.
Rd1 Kf8 30. g4 Rc4 31. b5 Rxa4 32. bxa6 bxa6 33. Rc1 Rd4 34. Rc5 Ke7 35. Ra5 Kd6 36.
Kg2 Rxd5 37. Rxa6+ Ke7 38. Kg3 Rd6 39. Ra7+ Rd7 40.
Rxd7+ Kxd7 41. Kf4 Ke6 42. Kxe4 f6 43. f4 g6 44. h4 f5+ 45. gxf5+ gxf5+ 46. Kd4 Kd6 47. Kc4 Kc6 48. Kd4 Kd6 49. Kc4 Kc6 50. Kd4 Kd6 1/2-1/2

[Event "*** Titled Tuesday Blitz"]
[Site "Chess.com"]
[Date "2021.02.16"]
[Round "10"]
[White "MartinMatthiesen"]
[Black "bazar-wokzal"]
[Result "0-1"]
[WhiteElo "2366"]
[BlackElo "2552"]
[TimeControl "180+1"]
[EndTime "11:59:02 PST"]
[Termination "bazar-wokzal won by checkmate"]

1. d4 Nf6 2. c4 Nc6 3. Nf3 e6 4. a3 g6 5. Nc3 Bg7 6. e4 d5 7. e5 Ne4 8. Bd3 Nxc3 9. bxc3 dxc4 10. Bxc4 Na5 11. Bd3 c5 12. h4 h6 13. Bf4 Bd7 14.
Nd2 Bc6 15. Ne4 Bxe4 16. Bxe4 Qc7 17. Qa4+ Kf8 18. O-O Rd8 19. Rfd1 b6 20. Rd2 f5 21. exf6 Qxf4 22. fxg7+ Kxg7 23. Re2 Qxh4 24. Rae1 Rhf8 25. Bb1 cxd4 26. cxd4 Qxd4 27. Qc2 Rf6 28. Rxe6 Rdf8 29. Re7+ Kh8 30. Rf1 Nc4 31. Rxa7 Ne3 32. Qc1 Ng4 33. Rd1 Qxf2+ 34. Kh1 Qh4+ 35. Kg1 Qh2# 0-1

[Event "*** Titled Tuesday Blitz"]
[Site "Chess.com"]
[Date "2021.02.16"]
[Round "10"]
[White "MPGM"]
[Black "Oglob71"]
[Result "1-0"]
[WhiteElo "2611"]
[BlackElo "2435"]
[TimeControl "180+1"]
[EndTime "11:59:03 PST"]
[Termination "MPGM won by checkmate"]

1. c4 Nf6 2. Nc3 c6 3. e4 e5 4. Nf3 d6 5. d4 Nbd7 6. Be2 Be7 7. O-O O-O 8. h3 Re8 9. d5 Bf8 10. Re1 g6 11. Be3 Nc5 12. Nd2 a5 13. a3 cxd5 14. cxd5 Bd7 15. b4 Na6 16. Rb1 axb4 17. axb4 Qe7 18.
Nc4 Rac8 19. Qb3 b5 20. Nb6 Rxc3 21. Qxc3 Nxe4 22. Qd3 Bf5 23. Qxb5 Nc7 24. Qc6 Rb8 25. Rbc1 Ne8 26. b5 Nc5 27. Ra1 Nf6 28. Ra8 Rxb6 29. Qxb6 Nxd5 30. Qd8 Qxd8 31. Rxd8 Nxe3 32. fxe3 Kg7 33. b6 Be7 34. Re8 Bg5 35. Bf3 e4 36. Bg4 Be6 37. Bxe6 fxe6 38. Rc8 Nd3 39. Re2 d5 40. b7 Bh4 41. b8=Q Kh6 42. Rh8 Bf6 43. Qf8+ Bg7 44. Qg8 Bxh8 45. Qxh8 e5 46. Qf6 Kh5 47.
g4+ Kh6 48. h4 Nc1 49. Qf8# 1-0

[Event "*** Titled Tuesday Blitz"]
[Site "Chess.com"]
[Date "2021.02.16"]
[Round "10"]
[White "garfield_pg"]
[Black "FMJoseHerrera"]
[Result "0-1"]
[WhiteElo "2359"]
[BlackElo "2602"]
[TimeControl "180+1"]
[EndTime "11:59:03 PST"]
[Termination "FMJoseHerrera won on time"]

1. e4 c5 2. Nf3 e6 3. c3 Qa5 4. Na3 a6 5. Bd3 b5 6. O-O Bb7 7. Qe2 d6 8. Nc2 Nd7 9. Ne3 Ngf6 10. a4 Nxe4 11. Bxe4 Bxe4 12. d4 Be7 13. dxc5 dxc5 14. Nc4 bxc4 15. Qxe4 O-O 16. Qb7 Rfd8 17. Rd1 Rab8 18.
Qe4 Nf6 19. Rxd8+ Rxd8 20. Qe2 Qb6 21. Ne5 Qb3 22. Be3 Bf8 23. Nxc4 Nd5 24. h3 h6 25. a5 Qb5 26. Re1 Rb8 27. Bc1 Be7 28. g4 Bf6 29. f4 Bh4 30. Rd1 Bg3 31. Rf1 Qa4 32. Rf3 Bh4 33.
Kg2 Qa1 34. Bd2 Qa2 35. g5 Qb1 36. gxh6 Qg6+ 37. Kh2 Qxh6 0-1

[Event "*** Titled Tuesday Blitz"]
[Site "Chess.com"]
[Date "2021.02.16"]
[Round "10"]
[White "Walter_White_Poland"]
[Black "Nachsueb"]
[Result "1-0"]
[WhiteElo "2354"]
[BlackElo "2181"]
[TimeControl "180+1"]
[EndTime "11:59:03 PST"]
[Termination "Walter_White_Poland won by resignation"]

1. e4 c5 2. Nf3 e6 3. d4 cxd4 4. Nxd4 Nc6 5. Nc3 a6 6. Nxc6 bxc6 7. Bd3 Nf6 8. e5 Nd5 9. Ne4 Be7 10. Qg4 Kf8 11. O-O f5 12. exf6 Nxf6 13. Nxf6 Bxf6 14.
Be3 d6 15. Rad1 e5 16. Qf3 d5 17. Bc5+ Kf7 18. c4 Be6 19. Bf5 Bxf5 20. Qxf5 Qc8 21. Qxc8 Rhxc8 22. cxd5 cxd5 23. Rxd5 Ke6 24. Rfd1 Rab8 25.
b4 Rd8 26. Rxd8 Rxd8 27. Rxd8 Bxd8 28. f3 Kd5 29. Kf2 a5 30. Bf8 g6 31. bxa5 Bxa5 32. Ke3 h5 33. Kd3 g5 34. h3 Bd8 35. a4 g4 36. hxg4 hxg4 37. fxg4 e4+ 38. Ke2 Ke5 39. Bh6 Ba5 40. Bd2 Bb6 41. a5 Bc5 42. a6 Kd6 43. Be3 1-0

[Event "*** Titled Tuesday Blitz"]
[Site "Chess.com"]
[Date "2021.02.16"]
[Round "10"]
[White "Witik"]
[Black "GigaQuparadze"]
[Result "1/2-1/2"]
[WhiteElo "2785"]
[BlackElo "2932"]
[TimeControl "180+1"]
[EndTime "11:59:04 PST"]
[Termination "Game drawn by repetition"]

1. d4 Nf6 2. c4 e6 3. Nf3 b6 4. a3 Ba6 5. Qa4 Bb7 6. Nc3 c5 7.
dxc5 Bxc5 8. Bf4 O-O 9. e3 Be7 10. Rd1 Na6 11. b4 Qc8 12. Be2 d5 13. Qb3 dxc4 14.
Bxc4 Nc7 15. O-O Ncd5 16. Nxd5 Nxd5 17. Bg3 a5 18. bxa5 Rxa5 19. a4 Bc6 20. Bxd5 Bxd5 21. Qxb6 Rxa4 22. Nd4 Qa8 23. f3 Bg5 24. Bf4 Bxf4 25.
exf4 Rb8 26. Qc5 Rc4 27. Qd6 Qa7 28. Kh1 g6 29. f5 Qc7 30. Qxc7 Rxc7 31. fxe6 fxe6 32.
Rfe1 Kf7 33. Rd2 Rb4 34. h4 Rcc4 35. Red1 Ra4 36. Kg1 h5 37. Kf2 Kf6 38. g3 Ke5 39. Ne2 Ra3 40. Rd3 Ra2 41. R1d2 Rcc2 42. Rxc2 Rxc2 43. Ke3 Bc4 44. Rd2 Rxd2 45. Kxd2 Bxe2 46. Kxe2 Kd4 47. Kd2 e5 48. Ke2 e4 49. fxe4 Kxe4 50. Kf2 Ke5 51. Kf3 Kf5 52. g4+ Ke5 53. gxh5 gxh5 54. Ke3 Kf5 55. Kf3 Ke5 56. Ke3 Kf5 57. Kf3 Ke5 1/2-1/2

[Event "*** Titled Tuesday Blitz"]
[Site "Chess.com"]
[Date "2021.02.16"]
[Round "10"]
[White "kayrakamer"]
[Black "rasmussvane"]
[Result "0-1"]
[WhiteElo "2727"]
[BlackElo "2929"]
[TimeControl "180+1"]
[EndTime "11:59:06 PST"]
[Termination "rasmussvane won by resignation"]

1. e4 c6 2. d4 d5 3. f3 e6 4.
Nc3 Bb4 5. Bf4 Ne7 6. Qd3 b6 7. Ne2 Ba6 8. Qe3 c5 9. O-O-O O-O 10. a3 Bxc3 11. Nxc3 Bxf1 12. Rhxf1 c4 13. Bg5 Nbc6 14. exd5 Nxd5 15. Nxd5 Qxd5 16. Bf4 Rfd8 17. Rf2 b5 18. Qe4 a5 19. h4 b4 20. a4 c3 21.
Qxd5 Rxd5 22. bxc3 bxc3 23. Re2 Nxd4 24. Re3 Rad8 25.
Rdd3 Nb3+ 26. Kb1 Rxd3 27. Rxd3 Rxd3 28. cxd3 Nc5 29. Kc2 Nxa4 30. Be3 Nb2 31. Bd4 a4 32. Kxc3 a3 33. Kb3 Nxd3 34. Bf2 Nxf2 0-1

[Event "*** Titled Tuesday Blitz"]
[Site "Chess.com"]
[Date "2021.02.16"]
[Round "10"]
[White "AryanTari"]
[Black "IMRosen"]
[Result "1-0"]
[WhiteElo "2895"]
[BlackElo "2630"]
[TimeControl "180+1"]
[EndTime "11:59:06 PST"]
[Termination "AryanTari won by resignation"]

1. Nf3 d5 2. b3 Bg4 3. Bb2 Nc6 4. e3 e5 5. h3 Bxf3 6. Qxf3 Nf6 7. Bb5 Bd6 8. Nc3 a6 9. Bxc6+ bxc6 10. e4 d4 11. Ne2 O-O 12. O-O g6 13. d3 Nh5 14. g4 Ng7 15. Ng3 Qh4 16. Kh2 Ne6 17. Bc1 a5 18. a4 Be7 19. Rg1 Bg5 20. Nf5 gxf5 21. gxf5 Nf4 22. Bxf4 exf4 23. Rxg5+ Qxg5 24. Rg1 f6 25. Qxf4 Qxg1+ 26. Kxg1 Rf7 27. Kf1 Re8 28. Ke2 Rg7 29. Qh4 Rg5 30. f4 Rg2+ 31. Kf3 Rxc2 32. Qxf6 c5 33.
Qg5+ Kf7 34. f6 Rc3 35. e5 Rxd3+ 36. Ke4 Re3+ 37. Kf5 Rg8 38. Qh5+ Kf8 39. Ke6 Rg7 40. fxg7+ Kxg7 41. f5 Rg3 42. f6+ Kh8 43. Qe8+ Rg8 44. f7 1-0

[Event "*** Titled Tuesday Blitz"]
[Site "Chess.com"]
[Date "2021.02.16"]
[Round "10"]
[White "akhairat"]
[Black "bylavochka"]
[Result "0-1"]
[WhiteElo "2324"]
[BlackElo "2113"]
[TimeControl "180+1"]
[EndTime "11:59:06 PST"]
[Termination "bylavochka won by checkmate"]

1. e4 e5 2. f4 exf4 3. Nf3 Ne7 4.
Bc4 d5 5. exd5 Nxd5 6. O-O Be6 7. Qe2 Be7 8. d4 O-O 9. Bd3 Nd7 10. Nc3 Nxc3 11.
bxc3 Bd6 12. a4 Nf6 13. Ne5 c5 14. Bxf4 cxd4 15. cxd4 Bb4 16. Bg5 Qxd4+ 17. Kh1 Ng4 18. Nf3 Qd6 19. h3 Nf6 20. Ne5 Nd7 21. Nxd7 Bxd7 22.
Qe4 g6 23. Bf6 Bc6 24. Qh4 Bd2 25. Rad1 Qd5 26. Rxd2 h5 27. Rdf2 Rae8 28. Rf5 Qxg2# 0-1

[Event "*** Titled Tuesday Blitz"]
[Site "Chess.com"]
[Date "2021.02.16"]
[Round "10"]
[White "politeplayer"]
[Black "Natalya_Buksa"]
[Result "1-0"]
[WhiteElo "2267"]
[BlackElo "2511"]
[TimeControl "180+1"]
[EndTime "11:59:08 PST"]
[Termination "politeplayer won by resignation"]

1. e4 c5 2. Nf3 Nc6 3. d4 cxd4 4. Nxd4 e5 5. Nb5 d6 6. N1c3 a6 7. Na3 b5 8. Nd5 Nf6 9. Bg5 Be7 10. Bxf6 Bxf6 11. c3 Bg5 12. Be2 Rb8 13. Nc2 O-O 14. O-O Ne7 15. Qd3 Bb7 16. Ncb4 Ng6 17. g3 a5 18. Nc2 Ne7 19. Rad1 Nxd5 20. exd5 Ba6 21. a4 Qb6 22. Qf5 Bf6 23. Bd3 Rfd8 24. Qxh7+ Kf8 25. Ne3 bxa4 26. Nf5 g6 27. Nh6 Bg7 28. Qg8+ Ke7 29. Qxg7 Rf8 30. Bxg6 Bxf1 31. Bxf7 Bb5 32. Bh5+ Kd8 33. Qxf8+ Kc7 34. Qe7+ Bd7 35. Bg4 Qb5 36. c4 Qb4 37. Qxd7+ Kb6 38. Nf5 Qb3 39. Qc6+ Ka7 40. Nxd6 Qxb2 41. Nb5+ Rxb5 42. Qxb5 a3 43. Qxb2 axb2 44. Rb1 a4 45. Rxb2 1-0

[Event "*** Titled Tuesday Blitz"]
[Site "Chess.com"]
[Date "2021.02.16"]
[Round "10"]
[White "Hangar-18"]
[Black "Rodchenkov_Vitalij"]
[Result "1-0"]
[WhiteElo "2391"]
[BlackElo "2532"]
[TimeControl "180+1"]
[EndTime "11:59:08 PST"]
[Termination "Hangar-18 won by resignation"]

1. c4 c5 2. Nc3 Nc6 3. Nf3 g6 4. g3 Bg7 5. Bg2 e5 6. a3 Nge7 7. b4 cxb4 8. axb4 Nxb4 9. Ba3 Nec6 10. Qa4 a5 11. O-O O-O 12. Nd5 Nxd5 13. cxd5 Ne7 14. Ng5 f5 15. d6 Nc6 16. Qc4+ Kh8 17. Nf7+ Rxf7 18. Qxf7 Qf8 19. Qxf8+ Bxf8 20. e3 b5 21. Bc5 b4 22. Rfb1 Bb7 23. Bd5 Bg7 24. Bb6 h5 25. Bxc6 Bxc6 26. Rxa5 Re8 27. Rxb4 Kh7 28. Bc5 f4 29.
Ra2 g5 30. Rab2 Re6 31. e4 f3 32. d3 Rg6 33. Rb8 g4 34. Rc8 Ba4 35. Rbb8 Bc2 36. Rb7 Ba4 37. Rcc7 Rf6 38. Ra7 Bb5 39. Rab7 Ba4 40.
Rb4 Bc6 41. Rxc6 dxc6 42. d7 Rf8 43. Bxf8 1-0

[Event "*** Titled Tuesday Blitz"]
[Site "Chess.com"]
[Date "2021.02.16"]
[Round "10"]
[White "Tashik"]
[Black "FredyMatsuura"]
[Result "1-0"]
[WhiteElo "2451"]
[BlackElo "2314"]
[TimeControl "180+1"]
[EndTime "11:59:09 PST"]
[Termination "Tashik won by resignation"]

1. c4 e6 2. Nc3 d5 3. d4 Nf6 4. Nf3 Be7 5. Bg5 h6 6. Bh4 Ne4 7. Bxe7 Qxe7 8. Nxe4 dxe4 9. Nd2 f5 10. e3 O-O 11. Be2 Nd7 12. O-O e5 13. d5 Nf6 14.
Qb3 f4 15. f3 exf3 16. Nxf3 Ng4 17. exf4 Qc5+ 18. Kh1 Nf2+ 19. Rxf2 Qxf2 20. Bd3 exf4 21.
c5 Qxc5 22. d6+ Kh8 23. Nh4 Rf6 24. dxc7 Be6 25. Qxb7 Rc8 26. Qe4 Kg8 27. Qh7+ Kf7 28. Bg6+ Kf8 29. Qh8+ Bg8 30. Bh7 Qc4 31. Ng6+ Rxg6 32. Bxg6 Qxc7 33. Rf1 Qc1 34. Bd3 Qc2 35. Bxc2 1-0

[Event "*** Titled Tuesday Blitz"]
[Site "Chess.com"]
[Date "2021.02.16"]
[Round "10"]
[White "Cuajada_Zero"]
[Black "ikhasu"]
[Result "1-0"]
[WhiteElo "2271"]
[BlackElo "2396"]
[TimeControl "180+1"]
[EndTime "11:59:10 PST"]
[Termination "Cuajada_Zero won by checkmate"]

1. d4 Nf6 2. Bg5 d5 3. e3 e6 4.
Bd3 Be7 5. Nd2 h6 6. Bh4 b6 7.
f4 Ba6 8. Ngf3 c5 9. Bxa6 Nxa6 10. c3 O-O 11. O-O c4 12. Ne5 Nb8 13. Rf3 Ne4 14.
Bxe7 Qxe7 15. Nxe4 dxe4 16. Rg3 b5 17. Qh5 Kh7 18.
f5 a6 19. Rf1 Nd7 20. Nxd7 Qxd7 21. f6 g6 22. Qh4 Qd5 23. Rh3 h5 24. g4 Rg8 25. Kh1 a5 26. Rg1 b4 27. gxh5 g5 28.
Qg4 bxc3 29. bxc3 Rab8 30. Rhg3 Rb2 31. h4 Qf5 32. hxg5 Qf2 33. g6+ Kh6 34. Qg5# 1-0

[Event "*** Titled Tuesday Blitz"]
[Site "Chess.com"]
[Date "2021.02.16"]
[Round "10"]
[White "verdest"]
[Black "Rsnr"]
[Result "0-1"]
[WhiteElo "2498"]
[BlackElo "2755"]
[TimeControl "180+1"]
[EndTime "11:59:11 PST"]
[Termination "Rsnr won by resignation"]

1. d4 d5 2. c4 c6 3. Nf3 Nf6 4. Qb3 g6 5. Nc3 Bg7 6. e3 O-O 7. Be2 Qb6 8. Qd1 Bg4 9. cxd5 cxd5 10. O-O Nc6 11. b3 Rfc8 12. Na4 Qd8 13. Ba3 Ne4 14. Rc1 Rc7 15. h3 Bxf3 16. Bxf3 b5 17. Nc5 b4 18. Bb2 Nxc5 19. Rxc5 e6 20. Qe2 Ne5 21. Rfc1 Nxf3+ 22. Qxf3 Rxc5 23. Rxc5 Rc8 24. Qe2 Bf8 25.
Rc2 Bd6 26. Qd1 Rc7 27. Qc1 h5 28. Rxc7 Bxc7 29. a3 Qd6 30. axb4 Qh2+ 31. Kf1 Bd6 32. Qc6 Bxb4 33. Qb5 a5 34. Qe8+ Kg7 0-1

[Event "*** Titled Tuesday Blitz"]
[Site "Chess.com"]
[Date "2021.02.16"]
[Round "10"]
[White "Ladislav1969"]
[Black "onnoelgersma"]
[Result "1-0"]
[WhiteElo "2342"]
[BlackElo "2438"]
[TimeControl "180+1"]
[EndTime "11:59:11 PST"]
[Termination "Ladislav1969 won by checkmate"]

1. e4 c5 2. d4 cxd4 3. c3 e6 4. cxd4 d5 5. e5 Nc6 6. Nf3 Bd7 7.
a3 Rc8 8. Bd3 Qb6 9. Bc2 Na5 10.
O-O Ne7 11. Nc3 Nc4 12. b3 Na5 13. Bb2 Ng6 14. h4 Be7 15. g3 O-O 16. h5 Nh8 17.
Qd3 g6 18. Bc1 Nxb3 19. Rb1 Nxc1 20. Rfxc1 Qa6 21. Qe3 Qxa3 22. Rb3 Qa6 23. Bd3 Qa5 24. Rxb7 Rfd8 25. Ne2 Rxc1+ 26. Nxc1 Ba3 27. Nb3 Qc3 28. hxg6 fxg6 29. Nc5 Bxc5 30. dxc5 Bc6 31. Rc7 d4 32. Qh6 Nf7 33. Rxf7 Kxf7 34. Qxh7+ Kf8 35. Bxg6 Qc1+ 36. Kh2 Rd7 37. Qh8+ Ke7 38. Qf6# 1-0

[Event "*** Titled Tuesday Blitz"]
[Site "Chess.com"]
[Date "2021.02.16"]
[Round "10"]
[White "vladgoncharov"]
[Black "Kaslask"]
[Result "1-0"]
[WhiteElo "2465"]
[BlackElo "2251"]
[TimeControl "180+1"]
[EndTime "11:59:11 PST"]
[Termination "vladgoncharov won on time"]

1. d4 Nf6 2. c4 g6 3. Nc3 Bg7 4. e4 O-O 5. Nf3 d6 6. Be2 e5 7. O-O Nc6 8. d5 Ne7 9. Ne1 Nd7 10. Be3 f5 11. f3 f4 12. Bf2 g5 13. Rc1 b6 14. b4 a5 15. a3 axb4 16. axb4 Ng6 17. Nd3 Rf7 18. c5 bxc5 19. bxc5 Bf8 20. c6 Nf6 21. Ra1 Rxa1 22. Qxa1 g4 23. Rb1 g3 24. hxg3 fxg3 25. Bxg3 Nh5 26. Bh2 Bh6 27. Rb8 Be3+ 28. Kf1 Nf8 29. Nd1 Bd4 30. Qa8 Qh4 31. Rxc8 Ng3+ 32. Ke1 Nxe4+ 33. N1f2 Bxf2+ 34. Kd1 Nc3+ 35. Kd2 Nxe2 36. Kxe2 Bd4 37. Qb7 1-0